 Dungeon Crawl Stone Soup version 0.21.1-1-g345015f (webtiles) character file.

3420 Mirai the Thaumaturge (level 9, -2/45 HPs)
             Began as a Deep Elf Conjurer on Mar 26, 2018.
             Was a Follower of Vehumet.
             Slain by a two-headed ogre
             ... wielding a cursed -1 giant club
              (28 damage)
             ... on level 7 of the Dungeon.
             The game lasted 00:33:42 (8362 turns).

Mirai the Thaumaturge (Deep Elf Conjurer)           Turns: 8362, Time: 00:33:43

Health: -2/45      AC:  6    Str:  5    XL:     9   Next: 76%
Magic:  14/26      EV: 13    Int: 24    God:    Vehumet [*.....]
Gold:   86         SH:  0    Dex: 15    Spells: 4/31 levels left

rFire    . . .     SeeInvis .   s - +2 quarterstaff (chaos)
rCold    . . .     Gourm    .   (shield currently unavailable)
rNeg     . . .     Faith    .   a - +0 robe
rPois    .         Spirit   .   w - +0 helmet
rElec    .         Reflect  .   t - +1 cloak
rCorr    +         Harm     .   (no gloves)
MR       .....                  G - +0 pair of boots
Stlth    ++........             o - amulet of magic regeneration
HPRegen  0.15/turn              C - ring of resist corrosion
MPRegen  0.45/turn              (no ring)

@: no status effects
A: no striking features
a: Renounce Religion


You were on level 7 of the Dungeon.
You worshipped Vehumet.
Vehumet was aware of your devotion.
You were very hungry.

You visited 2 branches of the dungeon, and saw 9 of its levels.

You collected 536 gold pieces.
You spent 450 gold pieces at shops.

Inventory:

Hand Weapons
 d - a cursed +0 quarterstaff
 e - a +1 falchion of protection
 h - a cursed -1 dagger
 j - a +0 dagger
 l - a +0 dagger
 p - a +0 dagger
 s - a +2 quarterstaff of chaos (weapon)
 u - a +2 spear of venom
 z - a +2 dagger of protection
 J - a cursed +2 morningstar of crushing
Armour
 a - a +0 robe (worn)
 t - a +1 cloak (worn)
 w - a +0 helmet (worn)
 G - a +0 pair of boots (worn)
Magical Staves
 A - an uncursed staff of poison
Jewellery
 o - an amulet of magic regeneration (around neck)
 C - a ring of resist corrosion (left hand)
 L - an uncursed ring of protection from fire {unknown}
Wands
 r - a wand of polymorph (9)
 F - a wand of iceblast (3)
 I - a wand of paralysis (13)
Scrolls
 f - a scroll of amnesia
 m - a scroll of fog
 n - 2 scrolls of teleportation
 q - 3 scrolls of remove curse
 x - 5 scrolls of identify
 y - 3 scrolls of magic mapping
 H - 3 scrolls of enchant weapon {unknown}
Potions
 g - 2 potions of heal wounds
 i - 2 potions of curing {unknown}
 k - a potion of invisibility {unknown}
 v - a potion of mutation {unknown}
 B - 3 potions of might {unknown}
 D - a potion of flight {unknown}
 K - a potion of ambrosia {unknown}
 M - a potion of degeneration {unknown}
Books
 b - a book of Conjurations

   Spells                             Type                      Level
   a - Magic Dart                     Conjuration                  1
   b - Searing Ray                    Conjuration                  2
   c - Dazzling Spray                 Conjuration/Hexes            3
   d - Fulminant Prism                Conjuration/Hexes            4
   e - Force Lance                    Conjuration/Translocation    4
   f - Iskenderun's Mystic Blast      Conjuration                  4
 E - a book of Callings

   Spells                             Type                      Level
   a - Summon Small Mammal            Summoning                    1
   b - Call Imp                       Summoning                    2
   c - Call Canine Familiar           Summoning                    3
   d - Summon Guardian Golem          Hexes/Summoning              3
   e - Summon Lightning Spire         Summoning/Air                4
   f - Summon Ice Beast               Ice/Summoning                4
 N - a book of Power

   Spells                             Type                      Level
   a - Iskenderun's Battlesphere      Conjuration/Charms           5
   b - Venom Bolt                     Conjuration/Poison           5
   c - Bolt of Magma                  Conjuration/Fire/Earth       5
   d - Iron Shot                      Conjuration/Earth            6
   e - Orb of Destruction             Conjuration                  7
   f - Spellforged Servitor           Conjuration/Summoning        7
Comestibles
 c - 16 rations


   Skills:
 - Level 2.4 Dodging
 - Level 2.4 Stealth
 + Level 11.8 Spellcasting
 + Level 9.3 Conjurations
 - Level 9.6 Hexes
 * Level 0.5 Fire Magic
 * Level 0.5 Earth Magic


You had 4 spell levels left.
You knew the following spells:

 Your Spells              Type           Power        Failure   Level  Hunger
a - Magic Dart            Conj           ####         1%          1    None
b - Searing Ray           Conj           ######       1%          2    None
c - Iskenderun's Mystic   Conj           ######..     1%          4    None
d - Fulminant Prism       Conj/Hex       ######....   1%          4    None
e - Bolt of Magma         Conj/Fire/Erth ####......   28%         5    ###....
f - Iron Shot             Conj/Erth      #####.....   65%         6    #####..
g - Iskenderun's Battles  Conj/Chrm      #####...     17%         5    ###....


Dungeon Overview and Level Annotations

Branches:
Dungeon (8/15)             Temple (1/1) D:6
   Lair: D:8-11

Altars:
Ashenzari
Dithmenos
Elyvilon
Fedhas
Gozag
Kikubaaqudgha
Makhleb
Nemelex Xobeh
Qazlal
Ru
Sif Muna
Trog
Uskayaw
Vehumet
Wu Jian
Xom
Zin
The Shining One

Shops:
D:4 *   D:5 :   D:6 [   D:7 %

Annotations:
D:4 2 transporters
D:8 Baghtru's ghost, novice MiFi


Message History

The two-headed ogre closely misses you. The two-headed ogre barely misses you.
You climb upwards.
There is a stone staircase leading down here.
Unknown command.
Casting: Iskenderun's Mystic Blast
Confirm with . or Enter, or press ? or * to list all spells.
Aiming: Searing Ray
Press: ? - help, Shift-Dir - straight line, f - two-headed ogre
Aim: a two-headed ogre, wielding two giant clubs (moderately wounded)
The searing ray hits the two-headed ogre.
The two-headed ogre is heavily wounded. (Press . to maintain the ray.)
The two-headed ogre barely misses you.
The two-headed ogre hits you with a giant club!!
The searing ray hits the two-headed ogre.
The two-headed ogre is severely wounded.
The two-headed ogre barely misses you.
The two-headed ogre hits you with a giant club!!
Ouch! That really hurt!
You die...

##.###..........####.##
#..##......########...
##[##......# #.....##
#..[#......# #.....##
#..[#......# #.....#
#..........# #####.#
#..........# ######)#
#.....#)######....#)#
#...#@#.....##....#.#
#...#O#.....##......#
#...#.#.....##....#.#
#...#.#.....##......#
#####.......##......#
##......##....#.#
#####......#####...#
#.....>....##......#
#..........##.[....#


You could see a two-headed ogre.

Vanquished Creatures
  Joseph (D:7)
  The ghost of ceb the Skirmisher, an amateur DsFi (D:4)
  Grinder (D:3)
  Sigmund (D:3)
  A hippogriff (D:7)
  Duvessa (D:7)
  2 sky beasts
  2 phantoms
  An ogre (D:7)
  2 centaurs
  2 bullfrogs (D:6)
  A scorpion (D:4)
  Dowan (D:7)
  2 howler monkeys
  5 wights (D:7)
  A centaur zombie (D:7)
  A crimson imp (D:5)
  3 hounds
  10 orc wizards
  A jelly (D:6)
  Crazy Yiuf (D:2)
  3 orc priests
  2 bullfrog skeletons
  A centaur skeleton (D:4)
  Terence (D:2)
  2 iguanas
  3 worker ants
  3 hell rats (D:7)
  A hound zombie (D:6)
  2 hound skeletons
  Robin (D:2)
  A howler monkey skeleton (D:4)
  8 adders
  6 river rats
  2 shadow imps
  An adder skeleton (D:4)
  3 worms
  A dart slug (D:4)
  5 leopard geckos
  10 orcs
  4 bats (D:3)
  5 giant cockroaches
  13 goblins
  8 hobgoblins
  7 jackals
  5 kobolds
  12 quokkas
  2 ball pythons
  5 frilled lizards
  A leopard gecko skeleton (D:6)
  A quokka skeleton (D:5)
  A quokka zombie (D:7)
  12 rats
173 creatures vanquished.

Vanquished Creatures (others)
  3 fulminant prisms (D:7)
3 creatures vanquished.

Grand Total: 176 creatures vanquished

Notes
Turn   | Place    | Note
-------+----------+-------------------------------------------
     0 | D:1      | Mirai the Deep Elf Conjurer began the quest for the Orb.
     0 | D:1      | Reached XP level 1. HP: 10/10 MP: 6/6
   254 | D:1      | Reached skill level 4 in Spellcasting
   254 | D:1      | Reached XP level 2. HP: 15/15 MP: 7/9
   519 | D:1      | Learned a level 2 spell: Searing Ray
   713 | D:2      | Noticed Robin
   734 | D:2      | Killed Robin
   734 | D:2      | Reached XP level 3. HP: 19/19 MP: 3/11
   737 | D:2      | Reached skill level 5 in Spellcasting
  1109 | D:2      | Found a runed door.
  1113 | D:2      | Noticed Crazy Yiuf
  1120 | D:2      | Killed Crazy Yiuf
  1120 | D:2      | Reached skill level 6 in Spellcasting
  1120 | D:2      | Reached XP level 4. HP: 24/24 MP: 5/14
  1153 | D:2      | Learned a level 4 spell: Iskenderun's Mystic Blast
  1158 | D:2      | Learned a level 4 spell: Fulminant Prism
  1301 | D:2      | Noticed Terence
  1315 | D:2      | Killed Terence
  1783 | D:2      | Found a shimmering altar of Xom.
  1792 | D:2      | Reached skill level 7 in Spellcasting
  1792 | D:2      | Reached XP level 5. HP: 24/28 MP: 11/16
  2253 | D:3      | Noticed Grinder
  2266 | D:3      | Killed Grinder
  2266 | D:3      | Reached skill level 5 in Conjurations
  2266 | D:3      | Reached XP level 6. HP: 24/32 MP: 7/18
  2600 | D:3      | Found a shattered altar of Ashenzari.
  2689 | D:3      | Noticed Sigmund
  2721 | D:3      | Killed Sigmund
  2721 | D:3      | Reached skill level 8 in Spellcasting
  2721 | D:3      | Reached XP level 7. HP: 16/36 MP: 13/20
  3326 | D:4      | Found a transporter.
  3341 | D:4      | Noticed ceb's ghost (amateur DsFi)
  4113 | D:4      | Killed ceb's ghost
  4113 | D:4      | Reached skill level 9 in Spellcasting
  4113 | D:4      | Reached skill level 5 in Hexes
  4316 | D:4      | Found a transporter.
  4354 | D:4      | Found Pisugekk's General Store.
  4453 | D:4      | Reached XP level 8. HP: 41/41 MP: 18/23
  4730 | D:5      | Entered Level 5 of the Dungeon
  5034 | D:5      | Found Muwkugue's Book Emporium.
  5206 | D:5      | Reached skill level 10 in Spellcasting
  5221 | D:5      | Found a glowing silver altar of Zin.
  5525 | D:5      | Found a white marble altar of Elyvilon.
  6117 | D:6      | Found Zoil Jel's Armour Shop.
  6226 | D:6      | Reached XP level 9. HP: 31/45 MP: 3/25
  6365 | D:6      | Found a sacrificial altar of Ru.
  6619 | D:6      | Found a staircase to the Ecumenical Temple.
  6628 | Temple   | Entered the Ecumenical Temple
  6705 | Temple   | Became a worshipper of Vehumet
  6968 | D:7      | Found Souxkiub's Food Emporium.
  6978 | D:7      | Found a bloodstained altar of Trog.
  7071 | D:7      | Reached skill level 11 in Spellcasting
  7083 | D:7      | Noticed Joseph
  7109 | D:7      | Killed Joseph
  7532 | D:7      | Reached * piety under Vehumet
  7532 | D:7      | Offered knowledge of Freeze by Vehumet.
  7788 | D:7      | Noticed Dowan
  7790 | D:7      | Noticed Duvessa
  7792 | D:7      | Killed Dowan
  7798 | D:7      | Killed Duvessa
  8254 | D:5      | Bought a book of Power for 450 gold pieces
  8264 | D:5      | Learned a level 5 spell: Bolt of Magma
  8271 | D:5      | Learned a level 6 spell: Iron Shot
  8277 | D:5      | Learned a level 5 spell: Iskenderun's Battlesphere
  8347 | D:8      | Found a shadowy altar of Dithmenos.
  8347 | D:8      | Noticed a two-headed ogre
  8351 | D:8      | Noticed Baghtru's ghost (novice MiFi)
  8362 | D:7      | Slain by a two-headed ogre

Skill      XL: |  1  2  3  4  5  6  7  8  9 |
---------------+----------------------------+-----
Spellcasting   | 4 6 7 8 9 10 11 | 11.8
Conjurations   | 5 6 8 9 |  9.3
Hexes          | 2 3 5 7 9 |  9.6
Dodging        | |  2.4
Stealth        | |  2.4
Fire Magic     | |  0.5
Earth Magic    | |  0.5

Action                   |  1- 3 |  4- 6 |  7- 9 || total
-------------------------+-------+-------+-------++-------
Melee: Dagger            |     5 |     2 |       ||     7
       Quarterstaff      |       |       |    20 ||    20
 Cast: Magic Dart        |    22 |    43 |    60 ||   125
       Searing Ray       |    11 |    15 |    54 ||    80
       Iskenderun's Myst |       |       |    80 ||    80
       Fulminant Prism   |       |       |     3 ||     3
  Use: Scroll            |       |     5 |     5 ||    10
       Potion            |       |     1 |     1 ||     2
  Eat: Chunk             |       |     5 |    11 ||    16
       Ration            |       |       |     2 ||     2
Armor: Robe              |     4 |     7 |    38 ||    49
Dodge: Dodged            |    27 |    27 |   103 ||   157
